Blues vs Capitals

Created - Sunday, March 27, 2016 at 03:08

Goals
1 2 3 T
Blues 1 5 2 8
Capitals 1 1 0 2
Shots
1 2 3 T
Blues 8 30 5 43
Capitals 10 5 5 20

1st period

1. Blues , Anders Lee 26 (Johan Franzen, Kevan Miller) at 14:25
2. Capitals , David Dziurzynski 1 (Brad Mills, Luke Adam) at 16:32

Penalties :
Tomas Tatar (StL) for Roughing (Minor) at 7:42, Eric Gelinas (Was) for Tripping (Minor) at 11:03, Cam Atkinson (StL) for Holding (Minor) at 11:28, Mark Stone (StL) for Hooking (Minor) at 17:52, Cam Atkinson (StL) for Roughing (Minor) at 19:02

2nd period

3. Capitals , Erik Condra 7 (Damon Severson) at 1:02
4. Blues , Kris Letang 22 (Brandon Saad, Artem Anisimov) at 1:48 (PP)
5. Blues , Anders Lee 27 (Artem Anisimov) at 6:13 (PP)
6. Blues , Joakim Nordstrom 1 (Kris Letang, Mark Stone) at 9:27
7. Blues , Kris Letang 23 (Mark Stone, Scott Laughton) at 11:50
8. Blues , Mark Stone 30 (Tomas Tatar, Hampus Lindholm) at 18:47

Penalties :
Philip Samuelsson (Was) for Holding Stick (Minor) at 1:43, Steve Oleksy (Was) for Boarding (Minor) at 5:42, Johan Franzen (StL) for Hooking (Minor) at 15:35, Shawn O'Donnell (Was) for Slashing (Minor) at 19:38

3rd period

9. Blues , Sean Couturier 22 (Rick Nash, Brandon Saad) at 6:36
10. Blues , Rick Nash 48 (Kris Letang) at 16:03

Penalties :
Kevan Miller (StL) for Tripping (Minor) at 4:10, Maxim Noreau (Was) for Slashing (Minor) at 6:49, Johan Franzen (StL) for Roughing (Minor) at 10:38, Kris Letang (StL) for Holding (Minor) at 13:12

Goalie Stats

Frederik Andersen (StL), 18 saves from 20 shots - (0.900), W, 7-3-0, 60:00 minutes
Matt Murray (Was), 13 saves from 17 shots - (0.765), 30:27 minutes
Sami Aittokallio (Was), 22 saves from 26 shots - (0.846), L, 0-9-1, 29:33 minutes

Players Stats for Blues

Player Name              G  A  P  +/- PIM S  H  SB GA TA FO     MP     PP MP  PK MP  
------------------------------------------------------------------------------------
Anders Lee               2  0  2   0  0   3  0  1  2  0  1/6    11:06   2:34   0:00 
Andre Benoit             0  0  0  -1  0   0  0  1  0  1  0/0    10:09   0:00   8:07 
Artem Anisimov           0  2  2   0  0   0  1  2  1  0  12/21  19:20   2:27   6:55 
Brandon Saad             0  2  2   2  0   9  0  1  6  0  0/1    18:10   2:27   0:00 
Cam Atkinson             0  0  0  -1  4   0  0  0  3  0  0/0    18:24   2:24   5:55 
Hampus Lindholm          0  1  1   1  0   5  3  0  0  2  0/0    29:34   2:25   6:44 
Jeremy Morin             0  0  0   0  0   0  0  0  0  0  0/0     0:00   0:00   0:00 
Joakim Nordstrom         1  0  1   2  0   1  1  1  0  0  1/1    13:18   0:00   5:44 
Johan Franzen            0  1  1  -1  4   3  1  1  1  0  0/1    10:09   0:00   1:12 
Kevan Miller             0  1  1   3  2   0  1  2  0  1  0/0    20:02   0:00   5:22 
Kris Letang              2  2  4   0  2   7  2  1  1  2  0/0    28:53   2:34   5:46 
Mark Fayne               0  0  0   0  0   0  0  0  0  0  0/0     0:00   0:00   0:00 
Mark Stone               1  2  3   3  2   3  0  1  2  0  0/1    18:19   2:27   0:24 
Matt Donovan             0  0  0   5  0   1  3  2  0  0  0/0    26:13   0:00   0:59 
Rick Nash                1  1  2   2  0   6  2  0  5  0  0/1    17:07   2:32   0:00 
Scott Laughton           0  1  1   2  0   0  2  1  0  1  11/15  13:32   0:00   5:58 
Sean Couturier           1  0  1   2  0   2  0  0  0  0  10/15  17:59   2:32   0:00 
Tomas Tatar              0  1  1   1  2   3  2  0  3  0  0/0    11:40   2:32   0:00 

Players Stats for Capitals

Player Name              G  A  P  +/- PIM S  H  SB GA TA FO     MP     PP MP  PK MP  
------------------------------------------------------------------------------------
Brad Mills               0  1  1  -2  0   2  1  0  0  0  0/0    11:05   0:00   0:00 
Brett Sutter             0  0  0   0  0   0  1  0  0  0  1/1    21:09   5:52   0:00 
Damon Severson           0  1  1  -2  0   0  1  1  0  1  0/0    24:33   7:29   4:59 
David Dziurzynski        1  0  1   0  0   2  5  0  1  0  1/1    18:45   6:14   0:55 
Devante Smith-Pelly      0  0  0  -2  0   0  3  1  0  0  7/29   23:41   6:50   3:23 
Eric Gelinas             0  0  0  -2  2   4  1  2  2  1  0/0    26:54   7:54   4:34 
Eric O'Dell              0  0  0  -1  0   3  0  0  2  1  2/2    18:23   7:15   0:41 
Erik Condra              1  0  1   1  0   2  0  0  3  3  0/0    19:06   6:14   4:01 
Greg Miller              0  0  0  -2  0   0  0  0  0  0  1/2     4:05   0:00   0:00 
Kevin Henderson          0  0  0  -2  0   0  0  0  0  0  0/2     6:53   0:47   0:58 
Luke Adam                0  1  1  -2  0   3  2  1  6  0  7/10   19:28   6:50   0:00 
Mark Arcobello           0  0  0  -1  0   0  1  2  2  1  0/1    14:54   0:00   0:00 
Mark Cundari             0  0  0  -1  0   1  0  0  1  4  0/0    21:34   5:35   0:00 
Maxim Noreau             0  0  0  -1  2   2  0  0  0  2  0/0    12:19   0:25   0:25 
Philip Samuelsson        0  0  0  -1  2   0  2  0  0  1  0/0    21:33   5:35   0:00 
Robyn Regehr             0  0  0  -1  0   1  0  0  0  0  0/0    10:19   0:00   0:00 
Shawn O'Donnell          0  0  0  -1  2   0  2  0  0  1  8/14   15:04   0:00   0:00 
Steve Oleksy             0  0  0   0  2   0  0  0  0  0  0/0     3:32   0:25   0:00 

3 Stars

1 - Kris Letang (StL)
2 - Mark Stone (StL)
3 - Rick Nash (StL)

Power Play

Blues - 2 on 5 Attempt(s) - 40.00%
Capitals - 0 on 8 Attempt(s) - 0.00%

Penalty Kill

Blues - 8 on 8 Attempt(s) - 100.00% - Score 0 goal in Penalty Kill
Capitals - 3 on 5 Attempt(s) - 60.00% - Score 0 goal in Penalty Kill

Team Stat

Blues - Hits : 18 - Faceoff Wins : 35 - Blocked Shots : 14 - Penalty Minutes : 16
Capitals - Hits : 19 - Faceoff Wins : 27 - Blocked Shots : 7 - Penalty Minutes : 10

Official

Referees : Unknown
Linesman : Unknown

Game Notes

Sami Aittokallio is injured at 9:33 of 2nd period (Separated Left Shoulder)
Matt Murray enters game at 9:33 of 2nd period

Finance

Level 1 -- Attendance: 4403 (73.38%) -- Ticket Income $396,270
Level 2 -- Attendance: 4735 (94.70%) -- Ticket Income $260,425
Level 3 -- Attendance: 1759 (87.95%) -- Ticket Income $52,770
Level 4 -- Attendance: 3936 (98.40%) -- Ticket Income $66,912
Luxury Box -- Attendance: 907 (90.70%) -- Ticket Income $156,004
Game was played at the Verizon Center.
Total Attendance: 15740 (87.44%)
Total Ticket Income: $932,381
Other Income: $456,867
Total Income: $1,389,248

Blues

5 vs 5 Forward 
   Center                   Left Wing                Right Wing               Time % Phy DF OF 
 1 Sean Couturier           Rick Nash                Brandon Saad             34     0   1  4  
 2 Artem Anisimov           Tomas Tatar              Mark Stone               31     0   2  3  
 3 Anders Lee               Johan Franzen            Cam Atkinson             21     0   2  3  
 4 Scott Laughton           Joakim Nordstrom         Mark Stone               14     0   2  3  

5 vs 5 Defense 
   Defense                  Defense                                           Time % Phy DF OF 
 1 Hampus Lindholm          Kris Letang                                       34     1   3  1  
 2 Matt Donovan             Kevan Miller                                      31     1   3  1  
 3 Hampus Lindholm          Matt Donovan                                      21     1   3  1  
 4 Matt Donovan             Kris Letang                                       14     1   3  1  

PowerPlay Forward 
   Center                   Left Wing                Right Wing               Time % Phy DF OF 
 1 Sean Couturier           Rick Nash                Tomas Tatar              50     0   1  4  
 2 Artem Anisimov           Brandon Saad             Mark Stone               50     0   1  4  

PowerPlay Defense
   Defense                  Defense                                           Time % Phy DF OF 
 1 Anders Lee               Kris Letang                                       50     0   1  4  
 2 Cam Atkinson             Hampus Lindholm                                   50     0   1  4  

Penalty Kill 4 Players Forward 
   Center                   Wing                     Time % Phy DF OF 
 1 Artem Anisimov           Cam Atkinson             50     1   3  1  
 2 Scott Laughton           Joakim Nordstrom         50     1   3  1  

Penalty Kill 4 Players Defense
   Defense                  Defense                  Time % Phy DF OF 
 1 Andre Benoit             Kris Letang              50     1   3  1  
 2 Kevan Miller             Hampus Lindholm          50     1   3  1  

Penalty Kill - 3 Players Forward 
   Forward                                           Time % Phy DF OF 
 1 Johan Franzen                                     50     1   4  0  
 2 Scott Laughton                                    50     1   4  0  

Penalty Kill - 3 Players Defense
   Defense                  Defense                  Time % Phy DF OF 
 1 Andre Benoit             Kris Letang              50     1   4  0  
 2 Kevan Miller             Hampus Lindholm          50     1   4  0  

4 vs 4 Forward 
   Center                   Wing                     Time % Phy DF OF 
 1 Sean Couturier           Brandon Saad             50     0   2  3  
 2 Artem Anisimov           Mark Stone               50     0   2  3  

4 vs 4 Defense
   Defense                  Defense                  Time % Phy DF OF 
 1 Andre Benoit             Kris Letang              50     0   2  3  
 2 Matt Donovan             Hampus Lindholm          50     0   2  3  

Last Minutes Offensive
   Center                   Left Wing                Right Wing               Defense                  Defense                  
   Sean Couturier           Rick Nash                Tomas Tatar              Hampus Lindholm          Kris Letang              

Last Minutes Defensive
   Center                   Left Wing                Right Wing               Defense                  Defense                  
   Sean Couturier           Rick Nash                Tomas Tatar              Hampus Lindholm          Kris Letang              

Goaltenders
Starting : Frederik Andersen        
Backup : Henrik Lundqvist         

Extra Forwards
Normal : Anders Lee, Cam Atkinson, Johan Franzen - PP : Anders Lee, Cam Atkinson - PK : Johan Franzen
Extra Defensemen
Normal : Andre Benoit, Matt Donovan, Kevan Miller - PP : Matt Donovan - PK : Andre Benoit, Kevan Miller
Penalty Shots
Rick Nash, Sean Couturier, Tomas Tatar, Artem Anisimov, Mark Stone

Capitals

5 vs 5 Forward 
   Center                   Left Wing                Right Wing               Time % Phy DF OF 
 1 Devante Smith-Pelly      Erik Condra              Eric O'Dell              35     1   2  2  
 2 Shawn O'Donnell          Brett Sutter             Mark Arcobello           30     1   2  2  
 3 Luke Adam                David Dziurzynski        Brad Mills               22     1   2  2  
 4 Greg Miller              Kevin Henderson          Devante Smith-Pelly      13     1   2  2  

5 vs 5 Defense 
   Defense                  Defense                                           Time % Phy DF OF 
 1 Eric Gelinas             Damon Severson                                    35     1   2  2  
 2 Philip Samuelsson        Mark Cundari                                      30     1   2  2  
 3 Robyn Regehr             Maxim Noreau                                      22     1   2  2  
 4 Steve Oleksy             Eric Gelinas                                      13     1   2  2  

PowerPlay Forward 
   Center                   Left Wing                Right Wing               Time % Phy DF OF 
 1 Devante Smith-Pelly      Luke Adam                Eric O'Dell              60     1   2  2  
 2 Erik Condra              Brett Sutter             David Dziurzynski        40     1   2  2  

PowerPlay Defense
   Defense                  Defense                                           Time % Phy DF OF 
 1 Eric Gelinas             Damon Severson                                    60     1   2  2  
 2 Philip Samuelsson        Mark Cundari                                      40     1   2  2  

Penalty Kill 4 Players Forward 
   Center                   Wing                     Time % Phy DF OF 
 1 Devante Smith-Pelly      Erik Condra              60     1   2  2  
 2 Luke Adam                Brett Sutter             40     1   2  2  

Penalty Kill 4 Players Defense
   Defense                  Defense                  Time % Phy DF OF 
 1 Eric Gelinas             Damon Severson           60     1   2  2  
 2 Philip Samuelsson        Mark Cundari             40     1   2  2  

Penalty Kill - 3 Players Forward 
   Forward                                           Time % Phy DF OF 
 1 Devante Smith-Pelly                               60     1   2  2  
 2 Brett Sutter                                      40     1   2  2  

Penalty Kill - 3 Players Defense
   Defense                  Defense                  Time % Phy DF OF 
 1 Eric Gelinas             Steve Oleksy             60     1   2  2  
 2 Philip Samuelsson        Mark Cundari             40     1   2  2  

4 vs 4 Forward 
   Center                   Wing                     Time % Phy DF OF 
 1 Devante Smith-Pelly      Luke Adam                60     1   2  2  
 2 Erik Condra              Brett Sutter             40     1   2  2  

4 vs 4 Defense
   Defense                  Defense                  Time % Phy DF OF 
 1 Eric Gelinas             Maxim Noreau             60     1   2  2  
 2 Philip Samuelsson        Mark Cundari             40     1   2  2  

Last Minutes Offensive
   Center                   Left Wing                Right Wing               Defense                  Defense                  
   Devante Smith-Pelly      Erik Condra              Eric O'Dell              Eric Gelinas             Damon Severson           

Last Minutes Defensive
   Center                   Left Wing                Right Wing               Defense                  Defense                  
   Devante Smith-Pelly      Erik Condra              Eric O'Dell              Eric Gelinas             Damon Severson           

Goaltenders
Starting : Sami Aittokallio         
Backup : Matt Murray              

Extra Forwards
Normal : Devante Smith-Pelly, Luke Adam, David Dziurzynski - PP : Devante Smith-Pelly, Luke Adam - PK : David Dziurzynski
Extra Defensemen
Normal : Eric Gelinas, Maxim Noreau, Steve Oleksy - PP : Eric Gelinas - PK : Maxim Noreau, Steve Oleksy
Penalty Shots
Erik Condra, David Dziurzynski, Devante Smith-Pelly, Brett Sutter, Luke Adam

% Time on Ice - Blues

Lines # - Real PCT - Wanted PCT - Time Play
Normal Forward
1 - 38% - 34% - 15:04
2 - 26% - 31% - 10:23
3 - 21% - 21% - 8:32
4 - 15% - 14% - 5:59
Normal Defense
1 - 34% - 34% - 13:41
2 - 38% - 31% - 15:17
3 - 13% - 21% - 5:22
4 - 14% - 14% - 5:38
PP Forward
1 - 51% - 50% - 2:32
2 - 49% - 50% - 2:27
PP Defense
1 - 52% - 50% - 2:34
2 - 48% - 50% - 2:25
PK Forward
1 - 52% - 50% - 6:32
2 - 48% - 50% - 6:08
PK Defense
1 - 47% - 50% - 5:56
2 - 53% - 50% - 6:44
PK3 Forward
1 - 73% - 50% - 0:36
2 - 27% - 50% - 0:13
PK3 Defense
1 - 100% - 50% - 0:49
2 - 0% - 50% - 0:00
44 Forward
1 - 55% - 50% - 0:52
2 - 45% - 50% - 0:42
44 Defense
1 - 51% - 50% - 0:48
2 - 49% - 50% - 0:46
Last Minute Offensive  - 0:00
Last Minute Defensive  - 0:00
Total
Forward - 60:00
Defense - 60:00

% Time on Ice - Capitals

Lines # - Real PCT - Wanted PCT - Time Play
Normal Forward
1 - 25% - 35% - 10:11
2 - 38% - 30% - 15:18
3 - 26% - 22% - 10:24
4 - 10% - 13% - 4:05
Normal Defense
1 - 31% - 35% - 12:14
2 - 38% - 30% - 15:11
3 - 26% - 22% - 10:19
4 - 6% - 13% - 2:14
PP Forward
1 - 54% - 60% - 7:15
2 - 46% - 40% - 6:14
PP Defense
1 - 59% - 60% - 7:54
2 - 41% - 40% - 5:35
PK Forward
1 - 100% - 60% - 4:59
2 - 0% - 40% - 0:00
PK Defense
1 - 100% - 60% - 4:59
2 - 0% - 40% - 0:00
PK3 Forward
1 - 0% - 60%
2 - 0% - 40%
PK3 Defense
1 - 0% - 60%
2 - 0% - 40%
44 Forward
1 - 100% - 60% - 1:34
2 - 0% - 40% - 0:00
44 Defense
1 - 49% - 60% - 0:46
2 - 51% - 40% - 0:48
Last Minute Offensive  - 0:00
Last Minute Defensive  - 0:00
Total
Forward - 60:00
Defense - 60:00

Play by Play

1st period


0:01 of 1st period - Sean Couturier wins face-off versus Devante Smith-Pelly in neutral zone.
0:50 of 1st period - Erik Condra is hit by Kris Letang and loses puck.
0:55 of 1st period - Snap shot by Tomas Tatar.
0:55 of 1st period - Stopped by Sami Aittokallio with a rebound.
1:13 of 1st period - Off-side.
1:14 of 1st period - Shawn O'Donnell wins face-off versus Anders Lee in neutral zone.
2:02 of 1st period - Anders Lee is hit by Philip Samuelsson and loses puck.
2:15 of 1st period - Kevan Miller is hit by David Dziurzynski and loses puck.
2:24 of 1st period - Joakim Nordstrom is hit by David Dziurzynski and loses puck.
3:19 of 1st period - Snap shot by Brandon Saad.
3:19 of 1st period - Stopped by Sami Aittokallio with a rebound.
3:42 of 1st period - Wrist shot by Rick Nash.
3:42 of 1st period - Stopped by Sami Aittokallio without a rebound.
3:43 of 1st period - Artem Anisimov wins face-off versus Devante Smith-Pelly in Capitals zone.
3:54 of 1st period - Snap shot by Eric O'Dell.
3:54 of 1st period - Shot Misses the Net.
4:30 of 1st period - Backhand shot by Kris Letang.
4:30 of 1st period - Shot Misses the Net.
4:32 of 1st period - Slapshot by Hampus Lindholm.
4:32 of 1st period - Stopped by Sami Aittokallio with a rebound.
4:58 of 1st period - Snap shot by Brandon Saad.
4:58 of 1st period - Shot Misses the Net.
5:00 of 1st period - Backhand shot by Kevan Miller.
5:00 of 1st period - Deflect By Brandon Saad.
5:00 of 1st period - Shot Blocked by Eric Gelinas.
5:00 of 1st period - Puck is out of play.
5:01 of 1st period - Shawn O'Donnell wins face-off versus Sean Couturier in Capitals zone.
5:12 of 1st period - Mark Cundari is hit by Kevan Miller and loses puck.
5:19 of 1st period - Brandon Saad is hit by Brett Sutter and loses puck.
5:39 of 1st period - Snap shot by Tomas Tatar.
5:39 of 1st period - Stopped by Sami Aittokallio without a rebound.
5:40 of 1st period - Greg Miller wins face-off versus Artem Anisimov in Capitals zone.
5:53 of 1st period - Slapshot by Mark Cundari.
5:53 of 1st period - Shot Blocked by Mark Stone.
5:55 of 1st period - Snap shot by Kevin Henderson.
5:55 of 1st period - Deflect By Greg Miller.
5:55 of 1st period - Deflect By Kris Letang.
5:55 of 1st period - Shot Misses the Net.
5:55 of 1st period - Puck is out of play.
5:56 of 1st period - Luke Adam wins face-off versus Anders Lee in Blues zone.
5:59 of 1st period - Snap shot by Luke Adam.
5:59 of 1st period - Stopped by Frederik Andersen with a rebound.
6:23 of 1st period - Snap shot by Luke Adam.
6:23 of 1st period - Stopped by Frederik Andersen without a rebound.
6:24 of 1st period - Shawn O'Donnell wins face-off versus Sean Couturier in Blues zone.
6:31 of 1st period - Snap shot by Robyn Regehr.
6:31 of 1st period - Stopped by Frederik Andersen without a rebound.
6:32 of 1st period - Sean Couturier wins face-off versus Shawn O'Donnell in Blues zone.
7:03 of 1st period - Slapshot by Robyn Regehr.
7:03 of 1st period - Deflect By Mark Arcobello.
7:03 of 1st period - Shot Misses the Net.
7:03 of 1st period - Puck is out of play.
7:04 of 1st period - Luke Adam wins face-off versus Artem Anisimov in Blues zone.
7:42 of 1st period - Minor Penalty to Tomas Tatar for Roughing.
7:43 of 1st period - Scott Laughton wins face-off versus Devante Smith-Pelly in Blues zone.
7:47 of 1st period - Slapshot by Kris Letang.
7:47 of 1st period - Shot Misses the Net.
7:59 of 1st period - Slapshot by Damon Severson.
7:59 of 1st period - Shot Blocked by Scott Laughton.
8:51 of 1st period - Wrist shot by Erik Condra.
8:51 of 1st period - Shot Misses the Net.
9:21 of 1st period - Wrist shot by Artem Anisimov.
9:21 of 1st period - Shot Misses the Net.
9:42 of 1st period - Penalty to Tomas Tatar is over, Tomas Tatar is back on ice.
9:48 of 1st period - Devante Smith-Pelly is hit by Joakim Nordstrom and loses puck.
10:31 of 1st period - Slapshot by Robyn Regehr.
10:31 of 1st period - Shot Blocked by Matt Donovan.
10:33 of 1st period - Slapshot by Maxim Noreau.
10:33 of 1st period - Stopped by Frederik Andersen with a rebound.
11:03 of 1st period - Minor Penalty to Eric Gelinas for Tripping.
11:04 of 1st period - Devante Smith-Pelly wins face-off versus Artem Anisimov in Capitals zone.
11:28 of 1st period - Minor Penalty to Cam Atkinson for Holding.
11:29 of 1st period - Sean Couturier wins face-off versus Devante Smith-Pelly in Blues zone.
12:13 of 1st period - Luke Adam is hit by Matt Donovan and loses puck.
12:44 of 1st period - Snap shot by Eric O'Dell.
12:44 of 1st period - Shot Misses the Net.
12:52 of 1st period - Slapshot by Eric O'Dell.
12:52 of 1st period - Stopped by Frederik Andersen without a rebound.
12:53 of 1st period - Eric O'Dell wins face-off versus Artem Anisimov in Blues zone.
12:54 of 1st period - Wrist shot by Maxim Noreau.
12:54 of 1st period - Deflect By Kris Letang.
12:54 of 1st period - Stopped by Frederik Andersen without a rebound.
12:55 of 1st period - Eric O'Dell wins face-off versus Artem Anisimov in Blues zone.
12:56 of 1st period - Wrist shot by Maxim Noreau.
12:56 of 1st period - Shot Misses the Net.
13:03 of 1st period - Penalty to Eric Gelinas is over, Eric Gelinas is back on ice.
13:28 of 1st period - Penalty to Cam Atkinson is over, Cam Atkinson is back on ice.
13:42 of 1st period - Mark Arcobello is hit by Kris Letang and loses puck.
13:55 of 1st period - Snap shot by Cam Atkinson.
13:55 of 1st period - Shot Blocked by Mark Arcobello.
13:57 of 1st period - Slapshot by Kevan Miller.
13:57 of 1st period - Deflect By Joakim Nordstrom.
13:57 of 1st period - Shot Hit the Post.
13:57 of 1st period - Puck is out of play.
13:58 of 1st period - Luke Adam wins face-off versus Anders Lee in Capitals zone.
14:11 of 1st period - Wrist shot by Luke Adam.
14:11 of 1st period - Shot Blocked by Matt Donovan.
14:25 of 1st period - Snap shot by Anders Lee.
14:25 of 1st period - Goal by Anders Lee - Blues : 1 - Capitals : 0.
14:26 of 1st period - Devante Smith-Pelly wins face-off versus Sean Couturier in neutral zone.
14:37 of 1st period - Erik Condra is hit by Rick Nash.
15:26 of 1st period - Wrist shot by Tomas Tatar.
15:26 of 1st period - Deflect By Damon Severson.
15:26 of 1st period - Shot Blocked by Damon Severson.
15:26 of 1st period - Puck is out of play.
15:27 of 1st period - Shawn O'Donnell wins face-off versus Mark Stone in Capitals zone.
15:55 of 1st period - Shawn O'Donnell is hit by Matt Donovan and loses puck.
16:24 of 1st period - Snap shot by David Dziurzynski.
16:24 of 1st period - Shot Blocked by Anders Lee.
16:26 of 1st period - Wrist shot by Brad Mills.
16:26 of 1st period - Shot Hit the Post.
16:28 of 1st period - Wrist shot by Luke Adam.
16:28 of 1st period - Shot Blocked by Johan Franzen.
16:30 of 1st period - Wrist shot by Brad Mills.
16:30 of 1st period - Stopped by Frederik Andersen with a rebound.
16:32 of 1st period - Wrist shot by David Dziurzynski.
16:32 of 1st period - Goal by David Dziurzynski - Blues : 1 - Capitals : 1.
16:33 of 1st period - Devante Smith-Pelly wins face-off versus Brandon Saad in neutral zone.
17:21 of 1st period - Slapshot by Eric Gelinas.
17:21 of 1st period - Stopped by Frederik Andersen without a rebound.
17:22 of 1st period - Joakim Nordstrom wins face-off versus Luke Adam in Blues zone.
17:39 of 1st period - Wrist shot by Mark Stone.
17:39 of 1st period - Shot Misses the Net.
17:41 of 1st period - Slapshot by Hampus Lindholm.
17:41 of 1st period - Stopped by Sami Aittokallio with a rebound.
17:52 of 1st period - Minor Penalty to Mark Stone for Hooking.
17:53 of 1st period - Artem Anisimov wins face-off versus Devante Smith-Pelly in Blues zone.
17:58 of 1st period - Slapshot by Hampus Lindholm.
17:58 of 1st period - Stopped by Sami Aittokallio with a rebound.
18:06 of 1st period - Hampus Lindholm is hit by Eric Gelinas and loses puck.
19:02 of 1st period - Minor Penalty to Cam Atkinson for Roughing.
19:03 of 1st period - Devante Smith-Pelly wins face-off versus Johan Franzen in Blues zone.
19:07 of 1st period - Snap shot by Eric O'Dell.
19:07 of 1st period - Deflect By Luke Adam.
19:07 of 1st period - Stopped by Frederik Andersen with a rebound.
19:52 of 1st period - Penalty to Mark Stone is over, Mark Stone is back on ice.
Goals for this period are 1 for Blues vs 1 for Capitals.
Shots for this period are 8 for Blues vs 10 for Capitals.

2nd period


0:01 of 2nd period - Scott Laughton wins face-off versus Devante Smith-Pelly in neutral zone.
0:18 of 2nd period - Slapshot by Kris Letang.
0:18 of 2nd period - Stopped by Sami Aittokallio without a rebound.
0:19 of 2nd period - Scott Laughton wins face-off versus Devante Smith-Pelly in Capitals zone.
1:00 of 2nd period - Slapshot by Damon Severson.
1:00 of 2nd period - Shot Blocked by Kris Letang.
1:02 of 2nd period - Penalty to Cam Atkinson is over, Cam Atkinson is back on ice.
1:02 of 2nd period - Slapshot by Erik Condra.
1:02 of 2nd period - Goal by Erik Condra - Blues : 1 - Capitals : 2.
1:03 of 2nd period - Sean Couturier wins face-off versus Shawn O'Donnell in neutral zone.
1:06 of 2nd period - Mark Cundari is hit by Rick Nash.
1:16 of 2nd period - Slapshot by Brandon Saad.
1:16 of 2nd period - Stopped by Sami Aittokallio with a rebound.
1:18 of 2nd period - Wrist shot by Brandon Saad.
1:18 of 2nd period - Stopped by Sami Aittokallio with a rebound.
1:20 of 2nd period - Snap shot by Rick Nash.
1:20 of 2nd period - Stopped by Sami Aittokallio without a rebound.
1:21 of 2nd period - Sean Couturier wins face-off versus Mark Arcobello in Capitals zone.
1:26 of 2nd period - Snap shot by Brandon Saad.
1:26 of 2nd period - Stopped by Sami Aittokallio with a rebound.
1:28 of 2nd period - Snap shot by Rick Nash.
1:28 of 2nd period - Stopped by Sami Aittokallio with a rebound.
1:30 of 2nd period - Wrist shot by Sean Couturier.
1:30 of 2nd period - Stopped by Sami Aittokallio with a rebound.
1:32 of 2nd period - Wrist shot by Matt Donovan.
1:32 of 2nd period - Stopped by Sami Aittokallio with a rebound.
1:43 of 2nd period - Minor Penalty to Philip Samuelsson for Holding Stick.
1:44 of 2nd period - Artem Anisimov wins face-off versus Devante Smith-Pelly in Capitals zone.
1:48 of 2nd period - Slapshot by Kris Letang.
1:48 of 2nd period - Deflect By Eric Gelinas.
1:48 of 2nd period - Goal by Kris Letang - Blues : 2 - Capitals : 2.
1:49 of 2nd period - Artem Anisimov wins face-off versus Devante Smith-Pelly in neutral zone.
2:38 of 2nd period - Wrist shot by Brandon Saad.
2:38 of 2nd period - Shot Misses the Net.
2:40 of 2nd period - Slapshot by Kris Letang.
2:40 of 2nd period - Shot Misses the Net.
4:20 of 2nd period - Luke Adam is hit by Scott Laughton and loses puck.
4:33 of 2nd period - Brandon Saad is hit by David Dziurzynski.
5:39 of 2nd period - Slapshot by Anders Lee.
5:39 of 2nd period - Stopped by Sami Aittokallio without a rebound.
5:40 of 2nd period - Shawn O'Donnell wins face-off versus Anders Lee in Capitals zone.
5:42 of 2nd period - Minor Penalty to Steve Oleksy for Boarding.
5:43 of 2nd period - Devante Smith-Pelly wins face-off versus Sean Couturier in Capitals zone.
5:59 of 2nd period - Snap shot by Rick Nash.
5:59 of 2nd period - Stopped by Sami Aittokallio without a rebound.
6:00 of 2nd period - Sean Couturier wins face-off versus Devante Smith-Pelly in Capitals zone.
6:07 of 2nd period - Slapshot by Eric Gelinas.
6:07 of 2nd period - Deflect By Devante Smith-Pelly.
6:07 of 2nd period - Shot Misses the Net.
6:07 of 2nd period - Puck is out of play.
6:08 of 2nd period - Artem Anisimov wins face-off versus Devante Smith-Pelly in Blues zone.
6:13 of 2nd period - Slapshot by Anders Lee.
6:13 of 2nd period - Goal by Anders Lee - Blues : 3 - Capitals : 2.
6:14 of 2nd period - Sean Couturier wins face-off versus Shawn O'Donnell in neutral zone.
6:47 of 2nd period - Snap shot by Brandon Saad.
6:47 of 2nd period - Stopped by Sami Aittokallio with a rebound.
6:49 of 2nd period - Snap shot by Brandon Saad.
6:49 of 2nd period - Stopped by Sami Aittokallio with a rebound.
7:18 of 2nd period - Mark Cundari is hit by Tomas Tatar and loses puck.
7:50 of 2nd period - Mark Cundari is hit by Hampus Lindholm and loses puck.
8:42 of 2nd period - Maxim Noreau is hit by Matt Donovan and loses puck.
9:07 of 2nd period - Slapshot by Brandon Saad.
9:07 of 2nd period - Stopped by Sami Aittokallio without a rebound.
9:08 of 2nd period - Scott Laughton wins face-off versus Luke Adam in Capitals zone.
9:09 of 2nd period - Slapshot by Kris Letang.
9:09 of 2nd period - Stopped by Sami Aittokallio without a rebound.
9:10 of 2nd period - Luke Adam wins face-off versus Scott Laughton in Capitals zone.
9:25 of 2nd period - Slapshot by Kris Letang.
9:25 of 2nd period - Shot Blocked by Eric Gelinas.
9:27 of 2nd period - Snap shot by Joakim Nordstrom.
9:27 of 2nd period - Goal by Joakim Nordstrom - Blues : 4 - Capitals : 2.
9:28 of 2nd period - Sean Couturier wins face-off versus Shawn O'Donnell in neutral zone.
9:33 of 2nd period - Wrist shot by Brandon Saad.
9:33 of 2nd period - Stopped by Sami Aittokallio with a rebound.
9:33 of 2nd period - Sami Aittokallio from Capitals is injured at 9:33 of 2nd period (Separated Left Shoulder).
9:33 of 2nd period - Matt Murray enters game.
9:34 of 2nd period - Artem Anisimov wins face-off versus Devante Smith-Pelly in Capitals zone.
10:29 of 2nd period - Kris Letang is hit by Shawn O'Donnell.
10:54 of 2nd period - Kris Letang is hit by Shawn O'Donnell and loses puck.
11:25 of 2nd period - Robyn Regehr is hit by Johan Franzen and loses puck.
11:32 of 2nd period - Wrist shot by Johan Franzen.
11:32 of 2nd period - Stopped by Matt Murray without a rebound.
11:33 of 2nd period - Scott Laughton wins face-off versus Kevin Henderson in Capitals zone.
11:38 of 2nd period - Snap shot by Mark Stone.
11:38 of 2nd period - Stopped by Matt Murray without a rebound.
11:39 of 2nd period - Scott Laughton wins face-off versus Greg Miller in Capitals zone.
11:42 of 2nd period - Slapshot by Kris Letang.
11:42 of 2nd period - Deflect By Mark Stone.
11:42 of 2nd period - Stopped by Matt Murray without a rebound.
11:43 of 2nd period - Scott Laughton wins face-off versus Kevin Henderson in Capitals zone.
11:50 of 2nd period - Slapshot by Kris Letang.
11:50 of 2nd period - Goal by Kris Letang - Blues : 5 - Capitals : 2.
11:51 of 2nd period - Artem Anisimov wins face-off versus Devante Smith-Pelly in neutral zone.
11:54 of 2nd period - Erik Condra is hit by Artem Anisimov and loses puck.
12:03 of 2nd period - Slapshot by Tomas Tatar.
12:03 of 2nd period - Stopped by Matt Murray with a rebound.
13:38 of 2nd period - Icing by Anders Lee.
13:39 of 2nd period - David Dziurzynski wins face-off versus Anders Lee in Blues zone.
13:47 of 2nd period - Slapshot by Eric Gelinas.
13:47 of 2nd period - Deflect By Brad Mills.
13:47 of 2nd period - Stopped by Frederik Andersen without a rebound.
13:48 of 2nd period - Luke Adam wins face-off versus Scott Laughton in Blues zone.
13:49 of 2nd period - Snap shot by Eric Gelinas.
13:49 of 2nd period - Deflect By Joakim Nordstrom.
13:49 of 2nd period - Stopped by Frederik Andersen without a rebound.
13:50 of 2nd period - Scott Laughton wins face-off versus Luke Adam in Blues zone.
13:50 of 2nd period - Scott Laughton is hit by Luke Adam.
15:23 of 2nd period - Kevan Miller is hit by Devante Smith-Pelly and loses puck.
15:35 of 2nd period - Minor Penalty to Johan Franzen for Hooking.
15:36 of 2nd period - Scott Laughton wins face-off versus Devante Smith-Pelly in Blues zone.
15:45 of 2nd period - Off-side.
15:46 of 2nd period - Scott Laughton wins face-off versus Devante Smith-Pelly in neutral zone.
16:31 of 2nd period - Slapshot by Eric Gelinas.
16:31 of 2nd period - Shot Blocked by Andre Benoit.
17:21 of 2nd period - Wrist shot by Eric O'Dell.
17:21 of 2nd period - Shot Blocked by Kevan Miller.
17:35 of 2nd period - Penalty to Johan Franzen is over, Johan Franzen is back on ice.
17:37 of 2nd period - Slapshot by Mark Cundari.
17:37 of 2nd period - Deflect By Hampus Lindholm.
17:37 of 2nd period - Stopped by Frederik Andersen with a rebound.
17:50 of 2nd period - Scott Laughton is hit by David Dziurzynski and loses puck.
18:07 of 2nd period - Rick Nash is hit by Devante Smith-Pelly and loses puck.
18:22 of 2nd period - Snap shot by Rick Nash.
18:22 of 2nd period - Stopped by Matt Murray with a rebound.
18:24 of 2nd period - Snap shot by Kris Letang.
18:24 of 2nd period - Stopped by Matt Murray without a rebound.
18:25 of 2nd period - Artem Anisimov wins face-off versus Shawn O'Donnell in Capitals zone.
18:35 of 2nd period - Off-side.
18:36 of 2nd period - Shawn O'Donnell wins face-off versus Artem Anisimov in neutral zone.
18:47 of 2nd period - Snap shot by Mark Stone.
18:47 of 2nd period - Goal by Mark Stone - Blues : 6 - Capitals : 2.
18:48 of 2nd period - Luke Adam wins face-off versus Sean Couturier in neutral zone.
19:10 of 2nd period - Slapshot by Eric Gelinas.
19:10 of 2nd period - Shot Blocked by Kevan Miller.
19:12 of 2nd period - Slapshot by Eric Gelinas.
19:12 of 2nd period - Stopped by Frederik Andersen without a rebound.
19:13 of 2nd period - Anders Lee wins face-off versus Devante Smith-Pelly in Blues zone.
19:27 of 2nd period - Wrist shot by Johan Franzen.
19:27 of 2nd period - Shot Misses the Net.
19:29 of 2nd period - Slapshot by Hampus Lindholm.
19:29 of 2nd period - Deflect By Erik Condra.
19:29 of 2nd period - Stopped by Matt Murray with a rebound.
19:31 of 2nd period - Snap shot by Kris Letang.
19:31 of 2nd period - Stopped by Matt Murray with a rebound.
19:33 of 2nd period - Snap shot by Johan Franzen.
19:33 of 2nd period - Stopped by Matt Murray with a rebound.
19:35 of 2nd period - Slapshot by Hampus Lindholm.
19:35 of 2nd period - Stopped by Matt Murray without a rebound.
19:36 of 2nd period - Brett Sutter wins face-off versus Artem Anisimov in Capitals zone.
19:38 of 2nd period - Minor Penalty to Shawn O'Donnell for Slashing.
19:39 of 2nd period - Sean Couturier wins face-off versus Devante Smith-Pelly in Capitals zone.
Goals for this period are 5 for Blues vs 1 for Capitals.
Shots for this period are 30 for Blues vs 5 for Capitals.

3rd period


0:01 of 3rd period - Artem Anisimov wins face-off versus Devante Smith-Pelly in neutral zone.
0:06 of 3rd period - Slapshot by Eric Gelinas.
0:06 of 3rd period - Shot Blocked by Brandon Saad.
1:38 of 3rd period - Penalty to Shawn O'Donnell is over, Shawn O'Donnell is back on ice.
1:48 of 3rd period - Off-side.
1:49 of 3rd period - Shawn O'Donnell wins face-off versus Scott Laughton in neutral zone.
2:44 of 3rd period - Slapshot by Johan Franzen.
2:44 of 3rd period - Stopped by Matt Murray with a rebound.
2:46 of 3rd period - Snap shot by Kris Letang.
2:46 of 3rd period - Stopped by Matt Murray with a rebound.
3:26 of 3rd period - Robyn Regehr is hit by Hampus Lindholm and loses puck.
4:10 of 3rd period - Minor Penalty to Kevan Miller for Tripping.
4:11 of 3rd period - Devante Smith-Pelly wins face-off versus Scott Laughton in Blues zone.
4:27 of 3rd period - Wrist shot by Eric O'Dell.
4:27 of 3rd period - Stopped by Frederik Andersen with a rebound.
4:29 of 3rd period - Slapshot by Eric Gelinas.
4:29 of 3rd period - Shot Misses the Net.
6:06 of 3rd period - Wrist shot by Luke Adam.
6:06 of 3rd period - Shot Misses the Net.
6:10 of 3rd period - Penalty to Kevan Miller is over, Kevan Miller is back on ice.
6:28 of 3rd period - Snap shot by Sean Couturier.
6:28 of 3rd period - Shot Blocked by Devante Smith-Pelly.
6:30 of 3rd period - Wrist shot by Brandon Saad.
6:30 of 3rd period - Stopped by Matt Murray with a rebound.
6:32 of 3rd period - Snap shot by Rick Nash.
6:32 of 3rd period - Shot Blocked by Luke Adam.
6:34 of 3rd period - Snap shot by Rick Nash.
6:34 of 3rd period - Shot Misses the Net.
6:36 of 3rd period - Wrist shot by Rick Nash.
6:36 of 3rd period - Deflect By Sean Couturier.
6:36 of 3rd period - Goal by Sean Couturier - Blues : 7 - Capitals : 2.
6:37 of 3rd period - Artem Anisimov wins face-off versus Shawn O'Donnell in neutral zone.
6:49 of 3rd period - Minor Penalty to Maxim Noreau for Slashing.
6:50 of 3rd period - Sean Couturier wins face-off versus Devante Smith-Pelly in Capitals zone.
8:20 of 3rd period - Eric Gelinas is hit by Tomas Tatar and loses puck.
8:43 of 3rd period - Artem Anisimov is hit by Damon Severson and loses puck.
8:49 of 3rd period - Penalty to Maxim Noreau is over, Maxim Noreau is back on ice.
9:17 of 3rd period - Slapshot by Mark Cundari.
9:17 of 3rd period - Shot Blocked by Joakim Nordstrom.
10:13 of 3rd period - Matt Donovan is hit by Philip Samuelsson and loses puck.
10:20 of 3rd period - Snap shot by Robyn Regehr.
10:20 of 3rd period - Shot Misses the Net.
10:38 of 3rd period - Minor Penalty to Johan Franzen for Roughing.
10:39 of 3rd period - Scott Laughton wins face-off versus Devante Smith-Pelly in Blues zone.
10:39 of 3rd period - Scott Laughton is hit by Luke Adam.
12:03 of 3rd period - Slapshot by Damon Severson.
12:03 of 3rd period - Shot Blocked by Artem Anisimov.
12:38 of 3rd period - Penalty to Johan Franzen is over, Johan Franzen is back on ice.
13:01 of 3rd period - Slapshot by Brandon Saad.
13:01 of 3rd period - Shot Blocked by Mark Arcobello.
13:12 of 3rd period - Minor Penalty to Kris Letang for Holding.
13:13 of 3rd period - Artem Anisimov wins face-off versus Devante Smith-Pelly in Blues zone.
13:29 of 3rd period - Snap shot by Eric O'Dell.
13:29 of 3rd period - Stopped by Frederik Andersen without a rebound.
13:30 of 3rd period - Devante Smith-Pelly wins face-off versus Artem Anisimov in Blues zone.
13:47 of 3rd period - Slapshot by Damon Severson.
13:47 of 3rd period - Shot Misses the Net.
13:53 of 3rd period - Backhand shot by Erik Condra.
13:53 of 3rd period - Stopped by Frederik Andersen with a rebound.
14:11 of 3rd period - Wrist shot by Eric O'Dell.
14:11 of 3rd period - Deflect By Devante Smith-Pelly.
14:11 of 3rd period - Shot Blocked by Artem Anisimov.
14:11 of 3rd period - Puck is out of play.
14:12 of 3rd period - Artem Anisimov wins face-off versus Devante Smith-Pelly in Blues zone.
14:37 of 3rd period - Cam Atkinson is hit by David Dziurzynski.
14:43 of 3rd period - Slapshot by Eric Gelinas.
14:43 of 3rd period - Stopped by Frederik Andersen with a rebound.
14:45 of 3rd period - Wrist shot by Eric Gelinas.
14:45 of 3rd period - Shot Misses the Net.
15:12 of 3rd period - Penalty to Kris Letang is over, Kris Letang is back on ice.
15:17 of 3rd period - Cam Atkinson is hit by Devante Smith-Pelly and loses puck.
15:24 of 3rd period - Snap shot by Eric O'Dell.
15:24 of 3rd period - Shot Misses the Net.
16:03 of 3rd period - Snap shot by Rick Nash.
16:03 of 3rd period - Goal by Rick Nash - Blues : 8 - Capitals : 2.
16:04 of 3rd period - Shawn O'Donnell wins face-off versus Rick Nash in neutral zone.
16:55 of 3rd period - Wrist shot by Scott Laughton.
16:55 of 3rd period - Shot Misses the Net.
16:59 of 3rd period - Slapshot by Mark Stone.
16:59 of 3rd period - Shot Misses the Net.
17:21 of 3rd period - Robyn Regehr is hit by Scott Laughton.
17:45 of 3rd period - Icing by Matt Donovan.
17:46 of 3rd period - Luke Adam wins face-off versus Artem Anisimov in Blues zone.
17:53 of 3rd period - Snap shot by David Dziurzynski.
17:53 of 3rd period - Stopped by Frederik Andersen with a rebound.
18:13 of 3rd period - Mark Cundari is hit by Hampus Lindholm and loses puck.
19:22 of 3rd period - Mark Stone is hit by Brad Mills and loses puck.
19:35 of 3rd period - Brandon Saad is hit by Mark Arcobello.
Goals for this period are 2 for Blues vs 0 for Capitals.
Shots for this period are 5 for Blues vs 5 for Capitals.